Map: Echo LE (Void)

Players

Musumeci

  • Race: Zerg Zerg
  • League: Diamond
  • Spawn Location: 5:00

Serapis - Winner!

  • Race: Protoss Protoss
  • League: Diamond
  • Spawn Location: 11:00

VOD

Have the link to the VOD?

Description

Time

  • Played on: Jan. 10, 2017, 3:04 p.m.
  • Length: 7:50
Show
View Real Time Build Order
Export as new Build Order

Musumeci Zerg 

Build Orders: Hatch First 

Get SALT Encoding   

  12  0:05  Drone  
  13  0:09  Drone  
  14  0:18  Drone, Extractor  
  15  0:42  Hatchery  
  15  0:47  Extractor  
  15  0:48  Drone  
  15  1:01  Spawning Pool  
  14  1:14  Extractor  
  13  1:20  Drone  
  13  1:21  Drone, Extractor  
  14  1:30  Overlord  
  16  1:49  Drone x2  
  16  1:50  Queen, Extractor  
  19  1:56  Queen  
  19  2:00  Drone  
  22  2:03  Drone  
  22  2:07  Drone  
  24  2:10  Drone  
  25  2:17  Overlord  
  25  2:26  Drone  
  26  2:34  Drone  
  26  2:36  Drone  
  29  2:37  Drone  
  29  2:38  Drone  
  30  2:49  Drone  
  31  2:54  Hatchery  
  31  2:57  Zergling x2  
  32  2:58  Zergling x2  
  32  3:02  Metabolic Boost  
  32  3:05  Zergling x2  
  33  3:11  Queen  
  35  3:14  Drone  
  36  3:27  Overlord  
  36  3:29  Overlord  
  36  3:54  Drone  
  36  3:55  Drone x6  
  43  3:56  Overlord  
  43  3:58  Zergling x2  
  44  4:08  Lair  
  44  4:11  Roach Warren  
  43  4:19  Drone x8  
  51  4:27  Evolution Chamber  
  51  4:30  Baneling Nest  
  48  4:38  Zergling x10, Extractor  
  50  4:43  Extractor  
  51  4:46  Drone x3  
  54  4:59  Zerg Melee Weapons Level 1  
  54  5:03  Overlord x2  
  54  5:04  Zergling x6  
  54  5:05  Roach  
  54  5:06  Roach x2  
  63  5:20  Baneling x4  
  63  5:22  Baneling  
  63  5:32  Roach x2  
  63  5:33  Roach x2  
  71  5:48  Overseer  
  71  5:56  Overlord  
  70  6:04  Drone x12  
  82  6:13  Overlord x4, Extractor  
  82  6:14  Drone  
  82  6:15  Spire  
  81  6:20  Drone  
  81  6:24  Drone, Extractor  
  81  6:25  Drone x4  
  86  6:27  Extractor  
  83  6:35  Roach  
  83  6:36  Roach x2  
  89  6:42  Baneling x3  
  89  6:43  Baneling x7  
  90  6:54  Ravager  
  79  7:13  Roach x6  
  89  7:19  Zergling x2  
  89  7:20  Zergling x2  
Show
View Real Time Build Order
Export as new Build Order

Serapis Protoss - Winner!

Build Orders: Nexus First 

Get SALT Encoding   

  12  0:01  Probe (Chrono Boost)  
  13  0:11  Probe (Chrono Boost)  
  14  0:19  Pylon  
  14  0:23  Probe (Chrono Boost)  
  15  0:38  Probe (Chrono Boost)  
  16  0:48  Probe (Chrono Boost)  
  17  1:02  Nexus  
  17  1:06  Probe (Chrono Boost)  
  18  1:20  Gateway  
  18  1:23  Assimilator  
  18  1:24  Probe (Chrono Boost)  
  19  1:35  Assimilator  
  19  1:37  Probe (Chrono Boost)  
  20  1:45  Gateway  
  20  1:50  Probe (Chrono Boost)  
  21  2:01  Probe (Chrono Boost)  
  22  2:07  Cybernetics Core  
  22  2:11  Probe (Chrono Boost)  
  23  2:16  Pylon  
  23  2:18  Probe (Chrono Boost)  
  25  2:23  Probe (Chrono Boost)  
  25  2:29  Probe (Chrono Boost)  
  26  2:33  Probe (Chrono Boost)  
  27  2:40  Adept, Probe (Chrono Boost)  
  27  2:42  Warp Gate, Adept  
  31  2:45  Probe (Chrono Boost)  
  36  2:59  Mothership Core (Chrono Boost), Probe (Chrono Boost)  
  36  3:11  Probe (Chrono Boost)  
  37  3:14  Pylon  
  37  3:19  Robotics Facility, Probe (Chrono Boost)  
  38  3:23  Probe (Chrono Boost)  
  38  3:25  Adept  
  39  3:30  Probe (Chrono Boost)  
  43  3:35  Adept  
  43  3:36  Probe (Chrono Boost)  
  46  3:41  Probe (Chrono Boost)  
  46  3:51  Gateway  
  46  3:52  Probe x2 (Chrono Boost)  
  48  4:03  Warp Prism  
  50  4:21  Forge, Twilight Council  
  50  4:25  Pylon  
  50  4:30  Pylon  
  50  4:33  Pylon  
  50  4:43  Protoss Ground Weapons Level 1  
  50  4:46  Sentry  
  50  4:48  Sentry  
  54  4:55  Gateway, Charge  
  54  4:56  Gateway  
  54  5:01  Gateway  
  54  5:02  Gateway  
  54  5:03  Gateway, Pylon  
  54  5:05  Pylon  
  54  5:08  Pylon  
  54  5:14  Immortal  
  58  5:22  Zealot x3  
  64  5:49  Immortal  
  68  6:06  Zealot x6  
  68  6:07  Zealot x2  
  84  6:19  Pylon  
  84  6:20  Pylon  
  84  6:25  Observer  
  84  6:27  Zealot x6  
  97  6:56  Zealot x6  
  97  6:57  Zealot  
  99  7:22  Assimilator  
  99  7:24  Assimilator  
  99  7:28  Templar Archives  
  99  7:29  Zealot x5  
  105  7:30  Zealot x3  
Tags
 
Add a new tag
Caveats
  • Supply blocks, unpowered buildings, or Contaminate may cause inaccurate times.
  • Supply counts are checked every 10 seconds.